[Event "Gibraltar Masters 18th"]
[Site "Gibraltar"]
[Date "2020.01.24"]
[Round "4.56"]
[White "Garcia Martin, Marta"]
[Black "Lei, Tingjie"]
[Result "1/2-1/2"]
[ECO "B90"]
[WhiteElo "2317"]
[BlackElo "2493"]
[PlyCount "78"]
[EventDate "2020.01.21"]
[EventType "swiss"]
[EventRounds "10"]
[EventCountry "GGB"]
[SourceTitle "BritBase"]
[Source "John Saunders"]
[SourceDate "2021.06.05"]
[SourceVersion "1"]
[SourceVersionDate "2021.06.05"]
[SourceQuality "1"]
[TimeControl "40/100:0"]
[WhiteClock "0:03:28"]
[BlackClock "0:10:50"]

1. e4 c5 2. Nf3 d6 3. d4 cxd4 4. Nxd4 Nf6 5. Nc3 a6 6. Be3 e5 7. Nb3 Be6 8. f3 h5 9. Qd2 Nbd7 10. Nd5 Bxd5 11. exd5 Qc7 12. Rc1 g6 13. Be2 Bg7 14. O-O O-O 15. c4 b6 16. Na1 Kh7 17. Nc2 a5 18.
Na3 Nc5 19. Nb5 Qd7 20. b3 Rfe8 21. h3 Ng8 22. Bd1 Bh6 23.
Bc2 Rab8 24. Rce1 Na6 25. f4 f5 26. g4 e4 27. Qd1 Nb4 28. Bb1 fxg4 29. hxg4 Nd3 30. Bxd3 exd3 31. g5 Bg7 32. f5 Re4 33. Rf4 Rbe8 34. fxg6+ Kxg6 35. Qxd3 Qh3 36. Nxd6 Qg3+ 37. Kf1 Qh3+ 38. Kg1 Qg3+ 39. Kf1 Qh3+ 1/2-1/2

[Event "Gibraltar Masters 18th"]
[Site "Gibraltar"]
[Date "2020.01.24"]
[Round "4.57"]
[White "Tan, Zhongyi"]
[Black "Divya, Deshmukh"]
[Result "1-0"]
[ECO "A50"]
[WhiteElo "2493"]
[BlackElo "2322"]
[PlyCount "91"]
[EventDate "2020.01.21"]
[EventType "swiss"]
[EventRounds "10"]
[EventCountry "GGB"]
[SourceTitle "BritBase"]
[Source "John Saunders"]
[SourceDate "2021.06.05"]
[SourceVersion "1"]
[SourceVersionDate "2021.06.05"]
[SourceQuality "1"]
[TimeControl "40/100:0"]

1. c4 b6 2. Nc3 Bb7 3. d4 Nf6 4. f3 d5 5. cxd5 Nxd5 6. Nxd5 Bxd5 7. e4 Bb7 8. Be3 e6 9. Qa4+ Qd7 10. Qxd7+ Nxd7 11. Rc1 Rc8 12. Kf2 a6 13. Nh3 Bd6 14. Be2 O-O 15. Rhd1 b5 16. a3 Nb6 17. Rc2 f5 18.
e5 Be7 19. Rdc1 c6 20. Nf4 Kf7 21. Bd2 Rfd8 22. Ba5 Rxd4 23. Bxb6 Rxf4 24. g3 Ra4 25. Rc3 c5 26. Bxc5 Bxc5+ 27. Rxc5 Rxc5 28. Rxc5 Bd5 29. Ke3 g5 30. Rc7+ Kg6 31. Bd1 Rc4 32. Rxc4 Bxc4 33. f4 gxf4+ 34. gxf4 Kf7 35. Kd4 Ke7 36. Kc5 Kd7 37. Kb6 a5 38. Bf3 b4 39. Bc6+ Kc8 40. axb4 axb4 41. Kc5 Ba2 42. Kxb4 Kc7 43. Kc5 Bb3 44. Bb5 Bd1 45. b4 Bc2 46. Bc6 {[%emt 0:00:37] Kd6+}
1-0

[Event "Gibraltar Masters 18th"]
[Site "Gibraltar"]
[Date "2020.01.25"]
[Round "5.1"]
[White "Topalov, Veselin"]
[Black "Cheparinov, Ivan"]
[Result "1/2-1/2"]
[ECO "C50"]
[WhiteElo "2738"]
[BlackElo "2686"]
[PlyCount "66"]
[EventDate "2020.01.21"]
[EventType "swiss"]
[EventRounds "10"]
[EventCountry "GGB"]
[SourceTitle "BritBase"]
[Source "John Saunders"]
[SourceDate "2021.06.05"]
[SourceVersion "1"]
[SourceVersionDate "2021.06.05"]
[SourceQuality "1"]
[TimeControl "40/100:0"]
[WhiteClock "0:29:21"]
[BlackClock "0:13:26"]

1. e4 e5 2. Nf3 Nc6 3. Bc4 Bc5 4. d3 Nf6 5. Nc3 h6 6. a3 a6 7. Be3 d6 8. Bxc5 dxc5 9. Nd5 Be6 10. Ne3 Bxc4 11. Nxc4 Qe7 12. O-O Nd7 13. c3 Nb6 14. Ne3 O-O-O 15. Qc2 a5 16. Rfd1 Qe6 17. b4 cxb4 18. axb4 axb4 19. d4 b3 20. Qb1 exd4 21. cxd4 b2 22. Qxb2 Qxe4 23. d5 Nxd5 24. Ra8+ Nb8 25. Nxd5 Rxd5 26. Re1 Qg6 27. Qa2 Qd6 28. Qa7 c6 29. g3 Kc7 30. Kg2 Rd8 31. Rb1 Rb5 32. Rxb5 cxb5 33. Qa5+ Qb6 1/2-1/2

[Event "Gibraltar Masters 18th"]
[Site "Gibraltar"]
[Date "2020.01.25"]
[Round "5.2"]
[White "Durarbayli, Vasif"]
[Black "Wang, Hao"]
[Result "0-1"]
[ECO "C07"]
[WhiteElo "2625"]
[BlackElo "2758"]
[PlyCount "72"]
[EventDate "2020.01.21"]
[EventType "swiss"]
[EventRounds "10"]
[EventCountry "GGB"]
[SourceTitle "BritBase"]
[Source "John Saunders"]
[SourceDate "2021.06.05"]
[SourceVersion "1"]
[SourceVersionDate "2021.06.05"]
[SourceQuality "1"]
[TimeControl "40/100:0"]
[WhiteClock "0:21:00"]
[BlackClock "0:17:33"]

1. e4 e6 2. d4 d5 3. Nd2 c5 4. Ngf3 cxd4 5. Nxd4 Nf6 6. exd5 Qxd5 7. Nb5 Na6 8. a3 Bd7 9. c4 Qf5 10. Qf3 Qxf3 11. Nxf3 Bxb5 12. cxb5 Nc7 13. h4 Bc5 14. Nd2 Ncd5 15. g3 O-O 16. Bg2 Rfd8 17. O-O Ne3 18. Nb3 Nxf1 19. Nxc5 Rac8 20. b4 Nxg3 21. fxg3 b6 22. Be3 Ng4 23. Bg5 Rd4 24. Rc1 h6 25. Bf4 e5 26. Bf3 exf4 27. Bxg4 Re8 28. gxf4 Rxf4 29. Bd7 Re3 30. Nb7 Rg3+ 31. Kh2 Rxa3 32. h5 Rh4+ 33. Kg2 Rxh5 34. Nd6 Rd5 35. Rc8+ Kh7 36. Nxf7 Rd2+ 0-1

[Event "Gibraltar Masters 18th"]
[Site "Gibraltar"]
[Date "2020.01.25"]
[Round "5.3"]
[White "Kaidanov, Gregory"]
[Black "Maghsoodloo, Parham"]
[Result "0-1"]
[ECO "A11"]
[WhiteElo "2546"]
[BlackElo "2674"]
[PlyCount "104"]
[EventDate "2020.01.21"]
[EventType "swiss"]
[EventRounds "10"]
[EventCountry "GGB"]
[SourceTitle "BritBase"]
[Source "John Saunders"]
[SourceDate "2021.06.05"]
[SourceVersion "1"]
[SourceVersionDate "2021.06.05"]
[SourceQuality "1"]
[TimeControl "40/100:0"]
[WhiteClock "0:24:05"]
[BlackClock "0:50:43"]

1. Nf3 d5 2. g3 Bg4 3. Bg2 c6 4. c4 e6 5. Ne5 Bh5 6. cxd5 exd5 7. d4 Bd6 8. Nc3 Ne7 9. O-O Nd7 10. Nd3 O-O 11. Nf4 Bg6 12. Nxg6 hxg6 13. Bg5 f6 14. Bd2 f5 15. Bg5 Re8 16. f3 Nf8 17. e4 Ne6 18.
Bxe7 Qxe7 19. exd5 Nxd4 20. Kh1 c5 21. Re1 Qg5 22. f4 Rxe1+ 23.
Qxe1 Qh5 24. Qf2 g5 25. fxg5 f4 26. g4 Qxg4 27. Ne4 Re8 28.
h3 Qd7 29. Re1 f3 30. Bf1 Rf8 31. g6 Nf5 32. Kg1 Ng3 33. Nxg3 Bxg3 34. Qxg3 f2+ 35. Qxf2 Rxf2 36. Kxf2 Qf5+ 37. Kg1 Qxg6+ 38.
Bg2 Qd3 39. Re6 c4 40. d6 b5 41. Be4 Qd4+ 42. Kg2 Kf7 43. Re7+ Kf6 44. Bf3 Qxd6 45. Re2 b4 46. Be4 Kg5 47. Bc2 Qd5+ 48. Kg3 Qd4 49. b3 a5 50. Kf3 Qa1 51. Kg3 Qxa2 52. h4+ Kf6 0-1

[Event "Gibraltar Masters 18th"]
[Site "Gibraltar"]
[Date "2020.01.25"]
[Round "5.4"]
[White "Esipenko, Andrey"]
[Black "Basso, Pier Luigi"]
[Result "1-0"]
[ECO "D11"]
[WhiteElo "2654"]
[BlackElo "2600"]
[PlyCount "125"]
[EventDate "2020.01.21"]
[EventType "swiss"]
[EventRounds "10"]
[EventCountry "GGB"]
[SourceTitle "BritBase"]
[Source "John Saunders"]
[SourceDate "2021.06.05"]
[SourceVersion "1"]
[SourceVersionDate "2021.06.05"]
[SourceQuality "1"]
[TimeControl "40/100:0"]
[WhiteClock "0:19:17"]
[BlackClock "0:02:20"]

1. d4 d5 2. c4 c6 3. Nf3 Nf6 4. e3 Bg4 5. Qb3 Qb6 6. Ne5 Bf5 7. cxd5 Qxb3 8.
axb3 Nxd5 9. Bd3 Bxd3 10. Nxd3 e6 11. Bd2 Na6 12. Ke2 Ndb4 13.
Nxb4 Nxb4 14. Na3 a6 15. Nc4 f6 16. g4 Be7 17. h4 Rd8 18.
g5 f5 19. Rhg1 O-O 20. Ra4 Nd5 21. Ne5 Bd6 22. Nd3 Rfe8 23. f4 Rc8 24. h5 Nb6 25. Raa1 Nd5 26. Kf3 Kf8 27. Rae1 Ke7 28. e4 fxe4+ 29. Rxe4 Kd7 30. Nc5+ Bxc5 31. dxc5 Rf8 32. Rge1 Rce8 33.
Bc3 Re7 34. Be5 Rf5 35. Kg4 Rff7 36. R1e2 Rf5 37. Kg3 Rff7 38. g6 hxg6 39. hxg6 Rf5 40. Rh2 Nf6 41. Re1 Nh5+ 42. Kg4 Nf6+ 43. Kf3 Re8 44. Reh1 Rf8 45. Rh8 Ne8 46. b4 Ke7 47. R1h7 Rxh8 48. Rxh8 Kd7 49. Rh7 Ke7 50. Bxg7 Nxg7 51. Rxg7+ Kf6 52. Rxb7 Kxg6 53. Rb6 e5 54. Rxc6+ Kf7 55. Ke4 Rxf4+ 56. Kxe5 Rxb4 57. Rb6 Rh4 58. Kd6 Rd4+ 59. Kc7 a5 60. c6 Ke7 61. Rb5 Rc4 62. Rxa5 Rb4 63.
Re5+ 1-0

[Event "Gibraltar Masters 18th"]
[Site "Gibraltar"]
[Date "2020.01.25"]
[Round "5.5"]
[White "Werle, Jan"]
[Black "Narayanan, SL."]
[Result "1/2-1/2"]
[ECO "E08"]
[WhiteElo "2545"]
[BlackElo "2637"]
[PlyCount "78"]
[EventDate "2020.01.21"]
[EventType "swiss"]
[EventRounds "10"]
[EventCountry "GGB"]
[SourceTitle "BritBase"]
[Source "John Saunders"]
[SourceDate "2021.06.05"]
[SourceVersion "1"]
[SourceVersionDate "2021.06.05"]
[SourceQuality "1"]
[TimeControl "40/100:0"]
[WhiteClock "0:06:16"]
[BlackClock "0:05:21"]

1. d4 Nf6 2. c4 e6 3. Nf3 d5 4. g3 Bb4+ 5. Bd2 Be7 6. Bg2 O-O 7. O-O c6 8. Qc2 Nbd7 9. Rd1 b6 10. Bf4 a5 11. Nbd2 Nh5 12. e3 Bb7 13. cxd5 exd5 14. h4 Nxf4 15. exf4 Nf6 16. Ne5 Qc7 17. Rac1 c5 18. Nf1 a4 19. a3 Rfd8 20. Ne3 Qb8 21. h5 cxd4 22. Nf5 Bc5 23. h6 g6 24. Nxd4 Qd6 25.
Nb5 Qf8 26. Nc3 Rac8 27. Qxa4 Qxh6 28. Qb3 Re8 29. Nd3 Ba6 30. Nxc5 bxc5 31. Bf3 d4 32. Nd5 Nxd5 33. Qxd5 Qf8 34. Kg2 Qe7 35. b4 cxb4 36. Rxc8 Rxc8 37. axb4 Qxb4 38. Qxd4 Qxd4 39. Rxd4 Rc7 1/2-1/2

[Event "Gibraltar Masters 18th"]
[Site "Gibraltar"]
[Date "2020.01.25"]
[Round "5.7"]
[White "Peralta, Fernando"]
[Black "Mamedyarov, Shakhriyar"]
[Result "1/2-1/2"]
[ECO "D87"]
[WhiteElo "2574"]
[BlackElo "2770"]
[PlyCount "42"]
[EventDate "2020.01.21"]
[EventType "swiss"]
[EventRounds "10"]
[EventCountry "GGB"]
[SourceTitle "BritBase"]
[Source "John Saunders"]
[SourceDate "2021.06.05"]
[SourceVersion "1"]
[SourceVersionDate "2021.06.05"]
[SourceQuality "1"]
[TimeControl "40/100:0"]
[WhiteClock "0:36:17"]
[BlackClock "1:41:45"]

1. d4 Nf6 2. c4 g6 3. Nc3 d5 4. cxd5 Nxd5 5. e4 Nxc3 6. bxc3 Bg7 7. Bc4 c5 8. Ne2 Nc6 9. Be3 O-O 10. O-O Na5 11. Bd3 b6 12. e5 Bb7 13.
Nf4 f6 14. Qg4 fxe5 15. Nxg6 hxg6 16. Qe6+ Rf7 17. Bxg6 Qe8 18. dxe5 Bc8 19. Qd5 Bb7 20. Qe6 Bc8 21. Qd5 Bb7 1/2-1/2

[Event "Gibraltar Masters 18th"]
[Site "Gibraltar"]
[Date "2020.01.25"]
[Round "5.8"]
[White "Vachier-Lagrave, Maxime"]
[Black "Sanal, Vahap"]
[Result "1/2-1/2"]
[ECO "C77"]
[WhiteElo "2770"]
[BlackElo "2569"]
[PlyCount "94"]
[EventDate "2020.01.21"]
[EventType "swiss"]
[EventRounds "10"]
[EventCountry "GGB"]
[SourceTitle "BritBase"]
[Source "John Saunders"]
[SourceDate "2021.06.05"]
[SourceVersion "1"]
[SourceVersionDate "2021.06.05"]
[SourceQuality "1"]
[TimeControl "40/100:0"]
[WhiteClock "0:31:54"]
[BlackClock "0:00:49"]

1. e4 e5 2. Nf3 Nc6 3. Bb5 a6 4. Ba4 Nf6 5. Nc3 b5 6. Bb3 Be7 7. d3 d6 8. a4 Na5 9. Ba2 b4 10. Ne2 Rb8 11. c3 b3 12. Bb1 c5 13. h3 O-O 14. c4 Ne8 15. Bd2 g6 16. Nc3 f5 17. O-O f4 18. Nd5 Rf7 19. Ra3 Bf8 20.
Bxa5 Qxa5 21. Rxb3 Rxb3 22. Qxb3 Rb7 23. Qa2 Qd8 24. d4 exd4 25. Re1 Ng7 26. e5 Ne6 27. b3 dxe5 28. Nxe5 Bd6 29. Nf3 Nc7 30. Be4 Kg7 31. Qd2 Nxd5 32. Bxd5 Re7 33. Rxe7+ Qxe7 34. a5 Bf5 35. b4 cxb4 36. Nxd4 Qe5 37. Nxf5+ gxf5 38. c5 Bxc5 39. Bc4 Kg6 40. Qe2 Qxe2 41. Bxe2 b3 42. Bxa6 Bb4 43. Kf1 f3 44. gxf3 Bxa5 45. Bc4 b2 46. Bd3 Kg5 47. Bb1 Kf4 1/2-1/2

[Event "Gibraltar Masters 18th"]
[Site "Gibraltar"]
[Date "2020.01.25"]
[Round "5.10"]
[White "Le, Quang Liem"]
[Black "Maze, Sebastien"]
[Result "1/2-1/2"]
[ECO "E80"]
[WhiteElo "2713"]
[BlackElo "2550"]
[PlyCount "108"]
[EventDate "2020.01.21"]
[EventType "swiss"]
[EventRounds "10"]
[EventCountry "GGB"]
[SourceTitle "BritBase"]
[Source "John Saunders"]
[SourceDate "2021.06.05"]
[SourceVersion "1"]
[SourceVersionDate "2021.06.05"]
[SourceQuality "1"]
[TimeControl "40/100:0"]
[WhiteClock "1:01:39"]
[BlackClock "0:19:23"]

1. d4 Nf6 2. c4 g6 3. Nc3 Bg7 4. e4 d6 5. Nge2 c6 6. f3 a6 7. a4 a5 8. Be3 Na6 9. Qd2 e5 10. Rd1 Nd7 11. d5 Nb4 12. Nc1 O-O 13. dxc6 bxc6 14. c5 dxc5 15. Bxc5 Re8 16. N3a2 Qf6 17. Be3 Bf8 18. Bc4 Rb8 19. Qf2 Qe7 20. O-O Nxa2 21. Nxa2 Nc5 22. Qc2 Be6 23. Bxe6 Nxe6 24. Rf2 Qb7 25. Nc1 c5 26. Rd5 Nd4 27. Qc4 Qb4 28. Qxb4 Rxb4 29. Nd3 Rxa4 30. Nxe5 Bg7 31. Nd7 Ne6 32. Rc2 Ra2 33. Nxc5 Nxc5 34. Rdxc5 Rxb2 35. Rxb2 Bxb2 36. Rxa5 f5 37. Ra4 fxe4 38.
fxe4 Be5 39. g3 Kf7 40. Kg2 Rc8 41. Bf4 Rc2+ 42. Kh3 Bf6 43.
Ra7+ Ke6 44. Rxh7 Re2 45. Kg4 Rxe4 46. h4 Ra4 47. Rb7 Ra5 48.
Be3 Ra4+ 49. Kh3 Bxh4 50. Rg7 Kf6 51. Rc7 Ke6 52. Rg7 Kf6 53.
Rb7 Ke6 54. Rg7 Ke5 1/2-1/2

[Event "Gibraltar Masters 18th"]
[Site "Gibraltar"]
[Date "2020.01.25"]
[Round "5.11"]
[White "Lalith, Babu M R"]
[Black "Alekseenko, Kirill"]
[Result "1/2-1/2"]
[ECO "E46"]
[WhiteElo "2558"]
[BlackElo "2704"]
[PlyCount "60"]
[EventDate "2020.01.21"]
[EventType "swiss"]
[EventRounds "10"]
[EventCountry "GGB"]
[SourceTitle "BritBase"]
[Source "John Saunders"]
[SourceDate "2021.06.05"]
[SourceVersion "1"]
[SourceVersionDate "2021.06.05"]
[SourceQuality "1"]
[TimeControl "40/100:0"]
[WhiteClock "0:44:30"]
[BlackClock "0:40:46"]

1. d4 Nf6 2. c4 e6 3. Nc3 Bb4 4. e3 O-O 5. Bd2 d6 6. a3 Bxc3 7. Bxc3 Ne4 8. Qc2 Nxc3 9. Qxc3 Qe7 10. Nf3 b6 11. Be2 Bb7 12. O-O Nd7 13. Rac1 a5 14. b4 Nf6 15. Qb2 Ne4 16. c5 Bd5 17. cxb6 cxb6 18. Bc4 Qb7 19. bxa5 Rxa5 20. Bxd5 Qxd5 21. Qxb6 Rxa3 22. Rc2 h6 23. Nd2 Nxd2 24. Rxd2 Rc8 25. h3 Rac3 26. Rb2 R3c6 27. Qb7 Qa5 28. Qd7 d5 29. Rb7 R6c7 30. Rxc7 Qxc7 1/2-1/2

[Event "Gibraltar Masters 18th"]
[Site "Gibraltar"]
[Date "2020.01.25"]
[Round "5.12"]
[White "Adams, Michael"]
[Black "Ibarra Jerez, Jose Carlos"]
[Result "1/2-1/2"]
[ECO "B40"]
[WhiteElo "2694"]
[BlackElo "2548"]
[PlyCount "60"]
[EventDate "2020.01.21"]
[EventType "swiss"]
[EventRounds "10"]
[EventCountry "GGB"]
[SourceTitle "BritBase"]
[Source "John Saunders"]
[SourceDate "2021.06.05"]
[SourceVersion "1"]
[SourceVersionDate "2021.06.05"]
[SourceQuality "1"]
[TimeControl "40/100:0"]
[WhiteClock "0:39:16"]
[BlackClock "0:20:49"]

1. e4 c5 2. Nf3 e6 3. g3 d5 4. exd5 exd5 5. d4 Nf6 6. Bg2 Be7 7. O-O O-O 8. Be3 cxd4 9. Nxd4 Bg4 10. Qd2 Qd7 11. Nc3 h6 12. Nce2 Bh3 13. Bxh3 Qxh3 14. Nf4 Qd7 15. f3 Nc6 16. Nd3 Rfe8 17. Rfe1 Nh7 18. h4 Bf6 19. c3 Bxd4 20. Bxd4 Nxd4 21. cxd4 Nf8 22. Nf4 Ne6 23. Nxe6 Rxe6 24. Rxe6 Qxe6 25. Re1 Qd7 26. Kg2 Re8 27. b3 Re6 28. h5 Rxe1 29. Qxe1 f6 30. g4 Kf7 1/2-1/2

[Event "Gibraltar Masters 18th"]
[Site "Gibraltar"]
[Date "2020.01.25"]
[Round "5.13"]
[White "Jones, Gawain C B"]
[Black "Gukesh, Dommaraju"]
[Result "1-0"]
[ECO "B31"]
[WhiteElo "2679"]
[BlackElo "2542"]
[PlyCount "51"]
[EventDate "2020.01.21"]
[EventType "swiss"]
[EventRounds "10"]
[EventCountry "GGB"]
[SourceTitle "BritBase"]
[Source "John Saunders"]
[SourceDate "2021.06.05"]
[SourceVersion "1"]
[SourceVersionDate "2021.06.05"]
[SourceQuality "1"]
[TimeControl "40/100:0"]
[WhiteClock "0:31:15"]
[BlackClock "0:20:52"]

1. e4 c5 2. Nf3 Nc6 3. Bb5 g6 4. O-O Bg7 5. Re1 e5 6. Bxc6 dxc6 7. d3 Qe7 8. a4 Nf6 9. Bg5 h6 10. Be3 c4 11. Na3 cxd3 12. cxd3 Bg4 13. Rc1 Nd7 14. Qb3 Bxf3 15. gxf3 Nf8 16. Bc5 Qd7 17. Nc4 Ne6 18. Nd6+ Ke7 19. Nxb7+ Kf6 20. d4 exd4 21. e5+ Kg5 22. f4+ Nxf4 23. e6 Nxe6 24. Qg3+ Kh5 25. Qf3+ Kg5 26. h4+ 1-0

[Event "Gibraltar Masters 18th"]
[Site "Gibraltar"]
[Date "2020.01.25"]
[Round "5.14"]
[White "Aryan, Chopra"]
[Black "Adhiban, Baskaran"]
[Result "1/2-1/2"]
[ECO "B91"]
[WhiteElo "2562"]
[BlackElo "2654"]
[PlyCount "206"]
[EventDate "2020.01.21"]
[EventType "swiss"]
[EventRounds "10"]
[EventCountry "GGB"]
[SourceTitle "BritBase"]
[Source "John Saunders"]
[SourceDate "2021.06.05"]
[SourceVersion "1"]
[SourceVersionDate "2021.06.05"]
[SourceQuality "1"]
[TimeControl "40/100:0"]
[WhiteClock "0:08:48"]
[BlackClock "0:32:41"]

1. e4 c5 2. Nf3 d6 3. d4 cxd4 4. Nxd4 Nf6 5. Nc3 a6 6. g3 e5 7. Nde2 Be6 8. Bg2 h5 9. Bg5 Nbd7 10. a4 Be7 11. O-O Rc8 12. Qd2 Nf8 13.
Bxf6 Bxf6 14. Rfd1 Be7 15. Nd5 Nd7 16. Nec3 Nb6 17. h4 Nc4 18. Qe2 g5 19. hxg5 h4 20. Nxe7 Qxe7 21. b3 Nb6 22. Rd3 Qxg5 23. Qe3 Qxe3 24. Rxe3 hxg3 25. Rxg3 Ke7 26. Rd1 Nd7 27. Rd2 Nf6 28. Ne2 b5 29. axb5 axb5 30. Rgd3 Rc6 31. Ng3 Rhc8 32. Nf5+ Bxf5 33. exf5 Ra6 34. Kf1 Nh5 35. Bf3 Ra1+ 36. Rd1 Rxd1+ 37. Bxd1 Nf6 38. Re3 Rc5 39. Ke1 e4 40. f3 Rxf5 41. c4 bxc4 42. bxc4 Re5 43. Kf2 Ke6 44. Bc2 exf3 45. Kxf3 Rxe3+ 46. Kxe3 Ke5 47. Ba4 Ne4 48. Bc6 f5 49. Kd3 Nc5+ 50. Ke3 Ne6 51. Bd5 Nf4 52. Bb7 Nh5 53. Bc6 Nf6 54. Bb7 Ng4+ 55. Kf3 Nh6 56. Bd5 f4 57. Ke2 Nf5 58. Kd3 Nd4 59. Bb7 Ne6 60. Bg2 Nc5+ 61. Kc3 Ne4+ 62. Kd3 Nf2+ 63. Ke2 Ng4 64. Kd3 Ne3 65. Bb7 Nd1 66. Bf3 Nf2+ 67. Ke2 Nh3 68. Kd3 Ng5 69. Bd5 Nh7 70. Bb7 Nf8 71. Bc8 Ng6 72. Bb7 Ne7 73. Bf3 Nf5 74. Ba8 Nd4 75. Bd5 Nb3 76. Bg2 Kf5 77. Kc3 Nc5 78. Kd4 Kg4 79. Kd5 Kg3 80. Bh1 Kh2 81. Bf3 Kg3 82. Bh1 Nb7 83. Kc6 Na5+ 84. Kxd6 Nxc4+ 85. Ke6 Nd2 86. Ba8 Kf2 87. Kf5 Ke3 88. Bb7 Nc4 89. Bh1 Nd6+ 90. Ke5 Nb5 91. Kf5 Nc3 92. Kg4 Ne4 93. Bg2 Nd2 94. Bh1 Nc4 95. Kf5 Nb2 96. Bd5 Nd3 97. Bb7 Nb2 98. Bd5 Nd1 99. Bb7 Nf2 100. Ba8 Nh3 101. Bb7 Ng1 102. Kg4 f3 103. Bxf3 Nxf3 1/2-1/2

[Event "Gibraltar Masters 18th"]
[Site "Gibraltar"]
[Date "2020.01.25"]
[Round "5.15"]
[White "Sasikiran, Krishnan"]
[Black "Moroni, Luca Jr"]
[Result "1-0"]
[ECO "C78"]
[WhiteElo "2648"]
[BlackElo "2532"]
[PlyCount "91"]
[EventDate "2020.01.21"]
[EventType "swiss"]
[EventRounds "10"]
[EventCountry "GGB"]
[SourceTitle "BritBase"]
[Source "John Saunders"]
[SourceDate "2021.06.05"]
[SourceVersion "1"]
[SourceVersionDate "2021.06.05"]
[SourceQuality "1"]
[TimeControl "40/100:0"]
[WhiteClock "0:42:54"]
[BlackClock "1:12:34"]

1. e4 e5 2. Nf3 Nc6 3. Bb5 a6 4. Ba4 Nf6 5. O-O b5 6. Bb3 Bc5 7. a4 Rb8 8. c3 d6 9. d4 Bb6 10. a5 Ba7 11. h3 O-O 12. Be3 exd4 13.
cxd4 Nb4 14. Nc3 Bb7 15. Ng5 Qe8 16. e5 dxe5 17. dxe5 Qc6 18. Nf3 Bxe3 19. fxe3 Ne4 20. Qd4 Nxc3 21. Qxb4 Ne4 22. e6 fxe6 23. Ne5 Qc5 24. Bxe6+ Kh8 25. Qxc5 Nxc5 26. Nf7+ Kg8 27. Nh6+ Kh8 28. Nf7+ Kg8 29. Ba2 b4 30. Nh6+ Kh8 31. Nf7+ Kg8 32. Bc4 g6 33. Nd8+ Kg7 34. Rxf8 Kxf8 35. Nxb7 Rxb7 36. Rf1+ Ke8 37. Rf6 b3 38. Rc6 Na4 39. Bxa6 Rb4 40. Rc4 Rxc4 41. Bxc4 Kd8 42. Bxb3 Nxb2 43. Kf2 Nd3+ 44. Kf3 Kc8 45. Bg8 h6 46. Ke4 1-0

[Event "Gibraltar Masters 18th"]
[Site "Gibraltar"]
[Date "2020.01.25"]
[Round "5.16"]
[White "Tabatabaei, M.Amin"]
[Black "Kotronias, Vasilios"]
[Result "0-1"]
[ECO "E90"]
[WhiteElo "2638"]
[BlackElo "2526"]
[PlyCount "42"]
[EventDate "2020.01.21"]
[EventType "swiss"]
[EventRounds "10"]
[EventCountry "GGB"]
[SourceTitle "BritBase"]
[Source "John Saunders"]
[SourceDate "2021.06.05"]
[SourceVersion "1"]
[SourceVersionDate "2021.06.05"]
[SourceQuality "1"]
[TimeControl "40/100:0"]
[WhiteClock "0:37:43"]
[BlackClock "1:30:54"]

1. d4 Nf6 2. c4 g6 3. Nc3 Bg7 4. e4 d6 5. h3 O-O 6. Be3 c5 7. Nf3 cxd4 8.
Nxd4 a6 9. Be2 b6 10. Bf3 Bb7 11. e5 Bxf3 12. Qxf3 dxe5 13. Ne6 e4 14. Nxe4 fxe6 15. Nxf6+ Bxf6 16. Qxa8 Qd3 17. Rd1 Qxc4 18. Bh6 Bg7 19. Rc1 Qd3 20. Bxg7 Kxg7 21. Qb7 Rf4 0-1

[Event "Gibraltar Masters 18th"]
[Site "Gibraltar"]
[Date "2020.01.25"]
[Round "5.17"]
[White "Hjartarson, Johann"]
[Black "Deac, Bogdan-Daniel"]
[Result "1-0"]
[ECO "C54"]
[WhiteElo "2524"]
[BlackElo "2626"]
[PlyCount "89"]
[EventDate "2020.01.21"]
[EventType "swiss"]
[EventRounds "10"]
[EventCountry "GGB"]
[SourceTitle "BritBase"]
[Source "John Saunders"]
[SourceDate "2021.06.05"]
[SourceVersion "1"]
[SourceVersionDate "2021.06.05"]
[SourceQuality "1"]
[TimeControl "40/100:0"]
[WhiteClock "0:46:50"]
[BlackClock "0:50:22"]

1. e4 e5 2. Nf3 Nc6 3. Bc4 Nf6 4. d3 Bc5 5. c3 d6 6. b4 Bb6 7. a4 a6 8. O-O O-O 9. Nbd2 Ne7 10. Bb3 Ng6 11. Nc4 Ba7 12. a5 Be6 13.
Be3 Bxc4 14. Bxc4 c6 15. Bb3 d5 16. exd5 Bxe3 17. fxe3 cxd5 18. c4 e4 19. dxe4 dxc4 20. Bxc4 Nxe4 21. Qb3 Qe7 22. Rad1 Rac8 23. Nd4 Ne5 24. Nf5 Qc7 25. Qb2 Nf6 26. Bd5 Rcd8 27. e4 Kh8 28. h3 Rd7 29. Qf2 Ng8 30. Qg3 g6 31. Rc1 Qb8 32. Nd4 Re8 33.
Kh1 Qd6 34. Rc5 Nf6 35. Qc3 Kg7 36. Nc2 Rde7 37. Ne3 h5 38.
b5 h4 39. b6 Rd7 40. Rc7 Rxc7 41. bxc7 Rc8 42. Rxf6 Qxf6 43. Bxb7 Rxc7 44. Qxc7 Nd3 45. Kh2 1-0

[Event "Gibraltar Masters 18th"]
[Site "Gibraltar"]
[Date "2020.01.25"]
[Round "5.18"]
[White "Chigaev, Maksim"]
[Black "Kozak, Adam"]
[Result "1/2-1/2"]
[ECO "B90"]
[WhiteElo "2616"]
[BlackElo "2523"]
[PlyCount "115"]
[EventDate "2020.01.21"]
[EventType "swiss"]
[EventRounds "10"]
[EventCountry "GGB"]
[SourceTitle "BritBase"]
[Source "John Saunders"]
[SourceDate "2021.06.05"]
[SourceVersion "1"]
[SourceVersionDate "2021.06.05"]
[SourceQuality "1"]
[TimeControl "40/100:0"]
[WhiteClock "0:57:04"]
[BlackClock "0:36:23"]

1. e4 c5 2. Nf3 d6 3. d4 cxd4 4. Nxd4 Nf6 5. Nc3 a6 6. Be3 e5 7. Nf3 Be7 8. Nd2 Be6 9. Nc4 Nc6 10. Nd5 O-O 11. Nxe7+ Qxe7 12. Qxd6 Bxc4 13. Qxe7 Nxe7 14. Bxc4 Nxe4 15. Bd3 Nf6 16.
O-O-O Rac8 17. f3 Nfd5 18. Bd2 Rfd8 19. Rhe1 f6 20. Kb1 Kf7 21. c4 Nf4 22. Bxf4 exf4 23. Be4 Rxd1+ 24. Rxd1 Rc7 25. b3 f5 26. Bc2 Kf6 27. Kb2 g5 28. Kc3 g4 29. b4 h5 30. c5 Kg5 31.
Rd2 Ng6 32. Kb3 Nh4 33. Bd1 Re7 34. a4 gxf3 35. gxf3 Nxf3 36. Bxf3 Re3+ 37. Kc4 Rxf3 38. b5 axb5+ 39. axb5 Rf1 40. Rc2 f3 41. c6 bxc6 42. bxc6 Rd1 43. Kc5 Rd8 44. c7 Rc8 45. Kd6 Kf4 46. Kd7 Rh8 47. c8=Q Rxc8 48. Rxc8 f2 49. Rc1 h4 50. Ke6 h3 51. Kf6 Kf3 52. Kxf5 Kg2 53. Kf4 f1=Q+ 54. Rxf1 Kxf1 55. Kf3 Ke1 56. Kg3 Ke2 57. Kxh3 Kf3 58. Kh4 1/2-1/2